 Dungeon Sprint DCSS version 0.30-a0-459-g9104f0fc43 (webtiles) character file.

Game seed: 934861115668613377

29700000 garrulousMonolith the Axe Maniac (level 27, -2/228 HPs)
             Began as a Djinni Warper on Dec 16, 2022.
             Was the Champion of Makhleb.
             Slain by a vile
             ... wielding a +0 mace
              (36 damage)
             ... in the Dungeon (Sprint VIII: "Arena of Blood").
             The game lasted 00:06:45 (297 turns).

garrulousMonolith the Axe Maniac (Djinni Warper)     Turns: 297, Time: 00:06:45

Health: -2/228     AC:  6    Str: 10    XL:     27
Gold:   0          EV: 35    Int: 18    God:    Makhleb [******] SH:  0 Dex: 24

rFire   + + .      SeeInvis +    h - +∞ Axe of Woe
rCold   x . .      Faith    .    (shield currently unavailable)
rNeg    . . .      Spirit   .    a - +0 leather armour
rPois   ∞          Reflect  .    (no helmet)
rElec   .          Harm     .    (no cloak)
rCorr   .          Rampage  .    (no gloves)
Will    ++...      NoTele   +    (boots unavailable)
Stlth   +++.......               (no amulet)
HPRegen 0.58/turn                b - ring of see invisible
MPRegen 0.00/turn                (no ring)

@: confused, flying, slowed, very slow
A: sickness immunity, fire resistance 2, cold vulnerability 1, float, innate
caster, HP casting, extra vitality 1
a: Renounce Religion, Minor Destruction, Lesser Servant of Makhleb, Major
Destruction, Greater Servant of Makhleb


You were in the Dungeon.
You worshipped Makhleb.
Makhleb was exalted by your worship.
You visited 1 branch

Inventory:

Hand Weapons
 h - the +∞ Axe of Woe (weapon)
   (You found it in the Dungeon)
Missiles
 c - 7 boomerangs of dispersal (quivered)
Armour
 a - a +0 leather armour (worn)
Jewellery
 b - a ring of see invisible (left hand)
Potions
 d - a potion of curing
 e - a potion of heal wounds
 f - a potion of haste
 g - a potion of berserk rage


   Skills:
 O Level 27 Fighting
 O Level 27 Short Blades
 O Level 27 Long Blades
 O Level 27 Axes
 O Level 27 Maces & Flails
 O Level 27 Polearms
 O Level 27 Staves
 O Level 27 Ranged Weapons
 O Level 27 Throwing
 O Level 27 Armour
 O Level 27 Dodging
 O Level 27 Stealth
 O Level 27 Shields
 O Level 27 Unarmed Combat
 O Level 27 Spellcasting
 O Level 27 Invocations
 O Level 27 Evocations


You couldn't memorise any spells.
You knew the following spells:

 Your Spells              Type           Power      Damage    Failure   Level
a - Blink                 Tloc           100%       N/A       0%          2
b - Lesser Beckoning      Tloc           100%       N/A       0%          3
c - Vhi's Electric Charg  Tloc/Air       100%       N/A       0%          3
d - Teleport Other        Tloc           88%        N/A       0%          3
e - Manifold Assault      Tloc           88%        N/A       0%          4
f - Foxfire               Conj/Fire      100%       2x1d9     0%          1
g - Momentum Strike       Conj/Tloc      100%       3d10      0%          2
h - Frozen Ramparts       Ice            100%       1d16      0%          3
i - Inner Flame           Hex/Fire       88%        N/A       0%          3
j - Cause Fear            Hex            44%        N/A       0%          4
k - Iskenderun's Battles  Conj           88%        2d14      0%          5
l - Iron Shot             Conj/Erth      44%        9d9       0%          6
m - Monstrous Menagerie   Summ           44%        N/A       1%          7
n - Spellforged Servitor  Conj/Summ      44%        N/A       1%          7
o - Summon Horrible Thin  Summ           44%        N/A       1%          8
p - Summon Hydra          Summ           44%        N/A       1%          7
q - Shatter               Erth           44%        3d34*     2%          9
r - Dragon's Call         Summ           44%        N/A       2%          9
Your spell library was empty.

Dungeon Overview and Level Annotations

Branches:
Dungeon (1/1)

Altars:
Makhleb


Innate Abilities, Weirdness & Mutations

You are immune to sickness and miasma.
You are immune to poison.
Your flesh is very heat resistant. (rF++)
You are vulnerable to cold. (rC-)
You float through the air rather than walking.
You learn spells naturally, not from books.
Your magical power is your life essence.
You have superior vitality. (+4 MHP)


Message History

A destroyer comes into view. It is wielding a +9 vorpal great sword.
The scourge is engulfed in poison gas.
The scourge looks as sick as possible!
The scourge throws poison at you.
The bolt of poison hits you but does no damage.
You resist. The scourge throws poison sting at you.
The poison arrow misses you.
The eight-headed meat hydra calls on the powers of darkness!
The eight-headed meat hydra convulses!
The scourge convulses! x2
The fleshlord convulses!
Your body is wracked with pain!
The fleshlord convulses!
You barely resist.
You hear a shout!
A vile and an observer come into view.
The fleshlord casts a spell at you.
You feel as though you will be slow longer.
The observer gazes at you. Something smites you!
The wretched soul breathes negative energy at you.
The bolt of negative energy hits the vile.
The vile completely resists.
The bolt of negative energy hits the vile.
The vile completely resists.
The bolt of negative energy misses you.
The scourge is engulfed in poison gas.
The scourge looks as sick as possible!
An observer comes into view.
A vile comes into view. It is wielding a +0 mace of protection.
The scourge bites you! The vile hits you with a +0 mace!
You are engulfed in flames!!
You resist.
* * * LOW HITPOINT WARNING * * *
The scourge is engulfed in poison gas.
The scourge looks as sick as possible!
The scourge bites you but does no damage.
A sculptor of flesh comes into view. It is wielding a +9 great sword.
You hear a shout! x2
The wretched soul breathes negative energy at you.
The bolt of negative energy hits the vile.
The vile completely resists.
The bolt of negative energy misses you.
A vile comes into view. It is wielding a +0 mace.
The vile hits you with a +0 mace!
* * * LOW HITPOINT WARNING * * *
You are engulfed in flames!!!
You resist.
You die...

## #.### #
#.####.##..)##.##
#..)....).)...))#
..))..†..))..)..).
...)).).9.#).##).
..).).)..)....)...
#.))...#.°##).))9.
..))....)9W°).))).
...)D).99@S...)9).
..))V..)9SSoV..).#
...)W..)))po)..)).
#.G..p....))D.O...
o.))...).)....9.
..).....)).)9p).
.G#....)).#...).
z.#.....).#.....
.###....).)###...


You could see 2 eight-headed meat hydras, 2 destroyers, 2 observers, 3 scourges,
3 fleshlords, a sculptor of flesh, a large bag of meat (inner flame), 9 viles, 2
wretched souls and 3 bags of meat.

Vanquished Creatures
  28 molten gargoyles (D)
  14 hell knights (D)
  Sigmund (D)
  12 hell beasts (D)
  4 royal mummies (D)
  24 great orbs of eyes (D)
  20 wraiths (D)
  14 vampire knights (D)
  43 ogres (D)
  8 two-headed ogres (D)
  7 liches (D)
  11 hydras (D)
  20 phantoms (D)
  80 orcs (D)
  6 skeletal warriors (D)
  21 sea snakes (D)
313 creatures vanquished.

Notes
Turn   | Place    | Note
-------+----------+-------------------------------------------
     0 | D        | Found the +∞ Axe of Woe
     0 | D        | garrulousMonolith the Djinni Warper began the quest for the
                  | Orb.
     0 | D        | garrulousMonolith set off with the following spells
                  | memorised: Blink, Lesser Beckoning, Vhi's Electric Charge,
                  | Teleport Other, Manifold Assault.
     0 | D        | Reached XP level 1. HP: 18/18 MP: 0/0
     0 | D        | Noticed a meat berserker
     2 | D        | Noticed a bag of meat
     3 | D        | Became a worshipper of Makhleb the Destroyer
     3 | D        | Noticed a bag of meat
     4 | D        | Killed a meat berserker
     4 | D        | Noticed a bag of meat
     5 | D        | Reached XP level 2. HP: 23/23 MP: 0/0
     5 | D        | Reached XP level 3. HP: 28/28 MP: 0/0
     5 | D        | Learned a level 1 spell: Foxfire
     5 | D        | Reached XP level 4. HP: 33/33 MP: 0/0
     5 | D        | Reached XP level 5. HP: 38/38 MP: 0/0
     5 | D        | Learned a level 2 spell: Momentum Strike
     5 | D        | Reached XP level 6. HP: 43/43 MP: 0/0
     5 | D        | Reached XP level 7. HP: 49/49 MP: 0/0
     5 | D        | Learned a level 3 spell: Frozen Ramparts
     5 | D        | Reached XP level 8. HP: 54/54 MP: 0/0
     5 | D        | Reached XP level 9. HP: 58/58 MP: 0/0
     5 | D        | Learned a level 3 spell: Inner Flame
     5 | D        | Reached XP level 10. HP: 64/64 MP: 0/0
     5 | D        | Reached XP level 11. HP: 68/68 MP: 0/0
     5 | D        | Learned a level 4 spell: Cause Fear
     5 | D        | Reached XP level 12. HP: 74/74 MP: 0/0
     5 | D        | Killed a bag of meat
     5 | D        | Reached * piety under Makhleb
     6 | D        | Reached XP level 13. HP: 78/78 MP: 0/0
     6 | D        | Learned a level 5 spell: Iskenderun's Battlesphere
     8 | D        | Killed a bag of meat
     9 | D        | Reached skill level 27 in Axes
     9 | D        | Reached skill level 10 in Dodging
     9 | D        | Noticed a meat berserker
    10 | D        | Killed a bag of meat
    10 | D        | Noticed a bag of meat
    11 | D        | Reached XP level 14. HP: 85/85 MP: 0/0
    11 | D        | Noticed a bag of meat
    14 | D        | Killed a meat berserker
    14 | D        | Reached ** piety under Makhleb
    14 | D        | Noticed a bag of meat
    15 | D        | Noticed a bag of meat
    15 | D        | Noticed a meat berserker
    17 | D        | Killed a bag of meat
    17 | D        | Noticed a bag of meat
    17 | D        | Noticed a meat berserker
    17 | D        | Noticed a bag of meat
    18 | D        | Reached XP level 15. HP: 89/89 MP: 0/0
    18 | D        | Learned a level 6 spell: Iron Shot
    18 | D        | Noticed a large bag of meat
    18 | D        | Noticed a meat berserker
    19 | D        | Reached skill level 27 in Dodging
    19 | D        | Killed a large bag of meat
    19 | D        | Reached *** piety under Makhleb
    19 | D        | Noticed a meat berserker
    19 | D        | Noticed a large bag of meat
    20 | D        | Noticed a meat berserker
    21 | D        | Killed a meat berserker
    22 | D        | Reached XP level 16. HP: 82/94 MP: 0/0
    22 | D        | Noticed a meat berserker
    23 | D        | Noticed a meat berserker
    23 | D        | Noticed a large bag of meat
    23 | D        | Noticed a meat berserker
    23 | D        | Noticed a meat berserker
    24 | D        | Killed a meat berserker
    24 | D        | Reached **** piety under Makhleb
    24 | D        | Killed a meat berserker
    25 | D        | Reached skill level 27 in Stealth
    25 | D        | Reached XP level 17. HP: 98/112 MP: 0/0
    25 | D        | Learned a level 7 spell: Monstrous Menagerie
    25 | D        | Noticed a large bag of meat
    25 | D        | Killed a meat berserker
    25 | D        | Killed a meat berserker
    25 | D        | Reached ***** piety under Makhleb
    25 | D        | Noticed a meat berserker
    26 | D        | Reached XP level 18. HP: 163/163 MP: 0/0
    26 | D        | Noticed a meat berserker
    27 | D        | Reached skill level 27 in Fighting
    27 | D        | Noticed a destroyer
    27 | D        | Noticed a destroyer
    28 | D        | Noticed a large bag of meat
    28 | D        | Killed a destroyer
    28 | D        | Noticed an eight-headed meat hydra
    29 | D        | Reached skill level 10 in Spellcasting
    29 | D        | Reached XP level 19. HP: 174/174 MP: 0/0
    29 | D        | Learned a level 7 spell: Spellforged Servitor
    29 | D        | Killed a nine-headed meat hydra
    29 | D        | Killed a large bag of meat
    30 | D        | Reached ****** piety under Makhleb
    30 | D        | Killed a large bag of meat
    30 | D        | Killed a meat berserker
    30 | D        | Noticed a meat berserker
    31 | D        | Reached XP level 20. HP: 165/181 MP: 0/0
    31 | D        | Killed a meat berserker
    31 | D        | Killed a meat berserker
    32 | D        | Reached skill level 27 in Armour
    32 | D        | Reached XP level 21. HP: 181/187 MP: 0/0
    32 | D        | Learned a level 8 spell: Summon Horrible Things
    32 | D        | Killed a meat berserker
    33 | D        | Reached skill level 27 in Spellcasting
    33 | D        | Killed a meat berserker
    33 | D        | Killed a meat berserker
    34 | D        | Reached XP level 22. HP: 192/194 MP: 0/0
    35 | D        | Reached XP level 23. HP: 196/201 MP: 0/0
    35 | D        | Learned a level 7 spell: Summon Hydra
    35 | D        | Killed a destroyer
    35 | D        | Noticed a destroyer
    36 | D        | Reached skill level 27 in Unarmed Combat
    36 | D        | Reached skill level 27 in Invocations
    36 | D        | Killed a large bag of meat
    37 | D        | Reached skill level 27 in Throwing
    37 | D        | Reached XP level 24. HP: 195/208 MP: 0/0
    37 | D        | Noticed a large bag of meat
    38 | D        | Noticed a destroyer
    38 | D        | Noticed a destroyer
    39 | D        | Noticed a destroyer
    40 | D        | Reached skill level 15 in Short Blades
    40 | D        | Reached skill level 15 in Long Blades
    40 | D        | Reached skill level 15 in Staves
    40 | D        | Reached XP level 25. HP: 210/214 MP: 0/0
    40 | D        | Learned a level 9 spell: Shatter
    41 | D        | Reached skill level 15 in Ranged Weapons
    41 | D        | Noticed a destroyer
    41 | D        | Killed a destroyer
    41 | D        | Killed a destroyer
    42 | D        | Noticed a destroyer
    42 | D        | Killed a large bag of meat
    42 | D        | Noticed a destroyer
    43 | D        | Reached XP level 26. HP: 212/221 MP: 0/0
    43 | D        | Killed a destroyer
    44 | D        | Killed a destroyer
    45 | D        | Noticed a tyrant
    46 | D        | Killed a tyrant
    46 | D        | Noticed a destroyer
    47 | D        | Killed a destroyer
    48 | D        | Reached XP level 27. HP: 226/228 MP: 0/0
    48 | D        | Learned a level 9 spell: Dragon's Call
    48 | D        | Noticed an accursed
    49 | D        | Noticed an accursed
    49 | D        | Killed a destroyer
    49 | D        | Killed an accursed
    50 | D        | Reached skill level 27 in Shields
    50 | D        | Reached skill level 27 in Evocations
    50 | D        | Killed a destroyer
    50 | D        | Killed a large bag of meat
    50 | D        | Killed a destroyer
    51 | D        | Reached skill level 27 in Short Blades
    51 | D        | Reached skill level 27 in Long Blades
    51 | D        | Reached skill level 27 in Staves
    51 | D        | Reached skill level 27 in Ranged Weapons
    51 | D        | Killed an accursed
    55 | D        | Noticed a tyrant
    57 | D        | Killed a tyrant
    58 | D        | Reached skill level 27 in Maces & Flails
    58 | D        | Reached skill level 27 in Polearms
    66 | D        | Noticed a meat beast
    67 | D        | Killed a meat beast
    79 | D        | Noticed a meat beast
    80 | D        | Killed a meat beast
    84 | D        | Noticed a destroyer
    84 | D        | Noticed a tyrant
    84 | D        | Noticed a meat beast
    85 | D        | Killed a tyrant
    85 | D        | Killed a meat beast
    85 | D        | Killed a destroyer
    89 | D        | Noticed a meat beast
    90 | D        | Killed a meat beast
    91 | D        | Noticed a tyrant
    92 | D        | Killed a tyrant
   100 | D        | Noticed an accursed
   101 | D        | Killed an accursed
   112 | D        | Noticed a dread
   112 | D        | Killed a dread
   123 | D        | Noticed a fleshlord
   123 | D        | Killed a fleshlord
   127 | D        | Noticed a fleshlord
   128 | D        | Noticed a tyrant
   129 | D        | Killed a tyrant
   129 | D        | Killed a fleshlord
   130 | D        | Noticed a meat beast
   131 | D        | Noticed a fleshlord
   131 | D        | Killed a fleshlord
   131 | D        | Killed a meat beast
   133 | D        | Noticed a meat beast
   135 | D        | Killed a meat beast
   135 | D        | Noticed a tyrant
   136 | D        | Noticed an accursed
   136 | D        | Noticed a fleshlord
   137 | D        | Killed a tyrant
   137 | D        | Killed a fleshlord
   137 | D        | Killed an accursed
   139 | D        | Noticed a meat beast
   141 | D        | Killed a meat beast
   142 | D        | Noticed a fleshlord
   143 | D        | Killed a fleshlord
   145 | D        | Noticed a dread
   145 | D        | Killed a dread
   148 | D        | Noticed a meat beast
   149 | D        | Killed a meat beast
   152 | D        | Noticed a fleshlord
   153 | D        | Killed a fleshlord
   154 | D        | Noticed a dread
   155 | D        | Killed a dread
   165 | D        | Noticed a destroyer
   166 | D        | Killed a destroyer
   179 | D        | Noticed a fleshlord
   181 | D        | Noticed a dread
   181 | D        | Killed a fleshlord
   181 | D        | Killed a dread
   183 | D        | Noticed a fleshlord
   183 | D        | Noticed a large bag of meat
   185 | D        | Noticed a fleshlord
   186 | D        | Killed a fleshlord
   186 | D        | Killed a large bag of meat
   187 | D        | Noticed a dread
   188 | D        | Killed a dread
   189 | D        | Noticed a dread
   190 | D        | Killed a fleshlord
   190 | D        | Noticed a large bag of meat
   193 | D        | Killed a dread
   196 | D        | Killed a large bag of meat
   202 | D        | Noticed a dread
   203 | D        | Killed a dread
   206 | D        | Noticed a dread
   207 | D        | Killed a dread
   213 | D        | Noticed a tyrant
   214 | D        | Killed a tyrant
   218 | D        | Noticed a dread
   219 | D        | Noticed a fleshlord
   219 | D        | Noticed a dread
   220 | D        | Killed a dread
   220 | D        | Killed a fleshlord
   220 | D        | Killed a dread
   222 | D        | Noticed a vile
   222 | D        | Killed a vile
   223 | D        | Noticed a fleshlord
   223 | D        | Noticed a dread
   224 | D        | Killed a fleshlord
   224 | D        | Killed a dread
   224 | D        | Noticed a vile
   226 | D        | Noticed a dread
   226 | D        | Killed a dread
   226 | D        | Killed a vile
   227 | D        | Noticed a vile
   227 | D        | Noticed a vile
   227 | D        | Noticed a destroyer
   228 | D        | Killed a vile
   228 | D        | Killed a vile
   228 | D        | Killed a destroyer
   230 | D        | Noticed a vile
   230 | D        | Killed a vile
   232 | D        | Noticed a fleshlord
   233 | D        | Noticed a dread
   234 | D        | Killed a fleshlord
   234 | D        | Killed a dread
   235 | D        | Noticed a dread
   236 | D        | Killed a dread
   238 | D        | Noticed a vile
   238 | D        | Killed a vile
   243 | D        | Noticed a dread
   244 | D        | Noticed a meat beast
   245 | D        | Killed a meat beast
   247 | D        | Killed a dread
   248 | D        | Noticed a vile
   249 | D        | Killed a vile
   249 | D        | Noticed a vile
   253 | D        | Killed a vile
   254 | D        | Noticed a dread
   255 | D        | Noticed a dread
   256 | D        | Noticed a vile
   256 | D        | Killed a dread
   256 | D        | Killed a vile
   258 | D        | Killed a dread
   261 | D        | Noticed a dread
   262 | D        | Killed a dread
   264 | D        | Noticed a vile
   264 | D        | Killed a vile
   266 | D        | Noticed a vile
   267 | D        | Noticed a vile
   267 | D        | Killed a vile
   267 | D        | Killed a vile
   269 | D        | Noticed a vile
   269 | D        | Noticed a vile
   270 | D        | Killed a vile
   270 | D        | Killed a vile
   270 | D        | Noticed a meat beast
   272 | D        | Killed a meat beast
   274 | D        | Noticed a vile
   274 | D        | Killed a vile
   275 | D        | Noticed a vile
   276 | D        | Noticed a vile
   277 | D        | Killed a vile
   277 | D        | Killed a vile
   279 | D        | Noticed a vile
   279 | D        | Noticed a vile
   279 | D        | Noticed a dread
   280 | D        | Noticed a vile
   281 | D        | Noticed a vile
   281 | D        | Killed a vile
   282 | D        | Noticed a vile
   282 | D        | Killed a vile
   282 | D        | Killed a vile
   282 | D        | Killed a vile
   282 | D        | Killed a dread
   282 | D        | Noticed a vile
   284 | D        | Noticed a destroyer
   284 | D        | Noticed The Captor
   285 | D        | Noticed a vile
   285 | D        | Killed a vile
   285 | D        | Killed a vile
   286 | D        | Noticed a meat beast
   286 | D        | Noticed a fleshlord
   287 | D        | Noticed a fleshlord
   287 | D        | Killed a destroyer
   287 | D        | Noticed a dread
   288 | D        | Noticed a vile
   288 | D        | Noticed a fleshlord
   289 | D        | Noticed a meat beast
   289 | D        | Noticed a vile
   290 | D        | Killed The Captor
   291 | D        | Noticed a large bag of meat
   291 | D        | Noticed a vile
   291 | D        | Noticed a destroyer
   292 | D        | Killed a meat beast
   292 | D        | Noticed a vile
   292 | D        | Noticed a vile
   292 | D        | Noticed a fleshlord
   293 | D        | Noticed a vile
   293 | D        | Noticed a vile
   293 | D        | Killed a fleshlord
   293 | D        | Killed a dread
   293 | D        | Killed a vile
   293 | D        | Killed a fleshlord
   293 | D        | Noticed a vile
   293 | D        | Noticed a vile
   294 | D        | Noticed a vile
   295 | D        | Killed a meat beast
   295 | D        | Killed a vile
   295 | D        | Killed a vile
   295 | D        | Killed a vile
   295 | D        | Noticed a fleshlord
   296 | D        | Killed a vile
   296 | D        | Noticed a vile
   296 | D        | Noticed a destroyer
   297 | D        | Noticed a vile
   297 | D        | Noticed a vile
   297 | D        | Noticed a vile
   297 | D        | Slain by a vile

Illustrated notes

Levels and vault maps discovered:
D:        meatsprint

Skill      XL: |  1  2  3  4  5  6  7  8  9 10 11 12 13 14 15 16 17 18 19 20 21 22 23 24 25 26 27 |
---------------+----------------------------------------------------------------------------------+-----
Axes           | 24 26 27 | 27.0
Dodging        | 16 25 27 | 27.0
Stealth        | 19 27 | 27.0
Fighting       | 7 25 27 | 27.0
Armour         | 12 26 27 | 27.0
Spellcasting   | 10 21 25 27 | 27.0
Throwing       | 18 21 27 | 27.0
Unarmed Combat | 21 25 27 | 27.0
Invocations    | 21 24 27 | 27.0
Short Blades   | 9 15 20 24 27 | 27.0
Long Blades    | 9 15 20 23 27 | 27.0
Staves         | 9 15 20 24 27 | 27.0
Ranged Weapons | 8 14 18 22 27 | 27.0
Shields        | 9 17 21 25 27 | 27.0
Evocations     | 9 16 21 25 27 | 27.0
Maces & Flails | 27 | 27.0
Polearms       | 27 | 27.0

Action                   |  1- 3 |  4- 6 |  7- 9 | 10-12 | 13-15 | 16-18 | 19-21 | 22-24 | 25-27 || total
-------------------------+-------+-------+-------+-------+-------+-------+-------+-------+-------++-------
Melee: Executioner's axe |     1 |       |       |     1 |     7 |     5 |     5 |     6 |   234 ||   259
 Cast: Manifold Assault  |       |       |       |       |       |       |       |       |   102 ||   102
       Shatter           |       |       |       |       |       |       |       |       |     1 ||     1
  Use: Scroll            |     1 |       |       |       |       |     1 |       |       |       ||     2
 Stab: Distracted        |       |       |       |       |       |       |       |       |     1 ||     1
Armor: Leather armour    |       |       |       |       |       |       |       |       |     6 ||     6
Dodge: Dodged            |       |       |       |       |       |     1 |       |       |    18 ||    19

Table legend: (Time is in decaauts)
 A = Elapsed time spent in this place.
 B = Non-inter-level travel time spent in this place.
 C = Inter-level travel time spent in this place.
 D = Time resting spent in this place.
 E = Time spent auto-exploring this place.
 F = Levels seen in this place.
 G = Mean time per level.
                   A        B        C        D        E       F      G
               +--------+--------+--------+--------+--------+-----+--------+
         Total |    254 |    254 |      0 |     23 |      0 |   1 |  254.0 |
       Dungeon |    254 |    254 |      0 |     23 |      0 |   1 |  254.0 |
               +--------+--------+--------+--------+--------+-----+--------+

Top non-repeatable levels by time:
       D: 254 daAuts
